 Dungeon Crawl Stone Soup version 0.31.0 (webtiles) character file.

Game seed: 3746748201997006684

79 qw the Shooter (level 4, -2/28 HPs)
             Began as a Gargoyle Hunter on Jan 19, 2024.
             Slain by a gnoll
             ... wielding a +0 whip
              (5 damage)
             ... on level 2 of the Dungeon.
             The game lasted 00:00:04 (1078 turns).

qw the Shooter (Gargoyle Hunter)                    Turns: 1078, Time: 00:00:05

Health: -2/28      AC:  6    Str: 15    XL:     4   Next: 38%
Magic:  4/4        EV: 11    Int:  9    God:
Gold:   69         SH:  0    Dex: 15    Spells: 3/3 levels left

rFire   . . .        a - +0 shortbow
rCold   . . .        (shield currently unavailable)
rNeg    + . .        c - +0 leather armour
rPois   inf          (no helmet)
rElec   +            (no cloak)
rCorr   .            (no gloves)
SInv    +            (no boots)
Will    .....        (no amulet)
Stlth   ++           h - ring of see invisible
HPRegen 0.24/turn    (no ring)
MPRegen 0.09/turn

%: no passive effects
@: no status effects
A: sickness immunity, AC +3, negative energy resistance 1, electricity
resistance, torment resistance 1, petrification resistance
a: no special abilities


You were on level 2 of the Dungeon.
You visited 1 branch of the dungeon, and saw 2 of its levels.

You collected 69 gold pieces.


Innate Abilities, Weirdness & Mutations

You are immune to sickness and miasma.
Your stone body is resilient. (AC +3)
You are immune to poison.
You resist negative energy. (rN+)
You are resistant to electric shocks. (rElec)
You are resistant to unholy torment.
You are immune to petrification.


   Skills:
 - Level 3.0 Fighting
 + Level 5.4 Ranged Weapons
 - Level 1.5 Dodging
 - Level 1.1 Stealth


You had 3 spell levels left.
You didn't know any spells.
Your spell library was empty.

Inventory:

Hand Weapons
 a - a +0 shortbow (weapon)
Armour
 c - a +0 leather armour (worn)
Jewellery
 d - a ring of wizardry
 h - a ring of see invisible (left hand)
Scrolls
 b - a scroll of blinking {unknown}
Potions
 e - 2 potions of enlightenment
 f - a potion of haste

Dungeon Overview and Level Annotations

Branches:
Dungeon (2/15)

Altars:

Shops:
D:2 :


Message History

You have reached level 4!
You feel stronger.
You shoot an arrow. The arrow hits the gnoll!
The gnoll is heavily wounded.
You shoot an arrow. The arrow barely misses the gnoll.
The gnoll throws a throwing net.
The throwing net hits you.
You become entangled in the net!
You struggle against the net.
You struggle against the net.
The gnoll hits you with a +0 flail.
You struggle against the net.
The gnoll closely misses you. The gnoll hits you with a +0 halberd!
You shred the net and break free! The gnoll barely misses you.
The gnoll hits you with a +0 halberd.
You shoot an arrow. The arrow hits the gnoll!
You kill the gnoll!
The gnoll barely misses you.
You shoot an arrow. The arrow hits the gnoll.
The gnoll is lightly wounded.
The gnoll hits you with a +0 halberd!
You shoot an arrow. The arrow hits the gnoll!
The gnoll is severely wounded.
The gnoll completely misses you.
You shoot an arrow. The arrow closely misses the gnoll.
The gnoll hits you with a +0 halberd.
You shoot an arrow.
The arrow hits the gnoll but does no damage.
The gnoll is severely wounded.
The gnoll barely misses you.
The gnoll shouts!
You shoot an arrow. The arrow barely misses the gnoll.
The gnoll closely misses you. The gnoll barely misses you.
You shoot an arrow. The arrow hits the gnoll.
You kill the gnoll!
The gnoll hits you but does no damage.
You shoot an arrow. The arrow closely misses the gnoll.
The gnoll hits you but does no damage.
You shoot an arrow. The arrow hits the gnoll.
The gnoll is heavily wounded.
The gnoll hits you with a +0 whip.
You die...

..# #.#........... ..g#
#.####..###### #.# .g. #.#
##.##)... #.# ... #.#
#....... #.# #.### #.#
##...... #.# ..).# #.#
#...... #.# ###.#.# #.#
#.....# #.# #..g#)# #.#
#.....# #.###.#.#@###.#
###...... ####.......g)....#
#........
#............##..####........
#.######......#).............
#.# #####..#.#####..).....
#.# ##.#.# #........ #.#
#####+#.### #........ #%#
#.........# #........ #.#
#.........# #........


You could see a gnoll.

Vanquished Creatures
  4 gnolls
  An adder (D:2)
  A ribbon worm (D:2)
  An endoplasm (D:2)
  3 giant cockroaches
  2 goblins (D:1)
  A hobgoblin (D:1)
  3 ball pythons
  4 bats
  2 frilled lizards (D:1)
  4 kobolds
  5 rats
31 creatures vanquished.

Notes
Turn   | Place    | Note
-------+----------+-------------------------------------------
     0 | D:1      | qw the Gargoyle Hunter began the quest for the Orb.
     0 | D:1      | Reached XP level 1. HP: 12/12 MP: 1/1
     0 | D:1      | 0 ||| qw: Version: 0.3-a-132-g3d54051
     0 | D:1      | 0 ||| qw: Game counter: 213
     0 | D:1      | 0 ||| qw: Melee chars always use a shield: true
     0 | D:1      | 0 ||| qw: God list: Okawaru
     0 | D:1      | 0 ||| qw: Allow faded altars: false
     0 | D:1      | 0 ||| qw: Do Orc after clearing Dungeon:15 true
     0 | D:1      | 0 ||| qw: Do second Lair branch before Depths: true
     0 | D:1      | 0 ||| qw: Lair rune preference: random
     0 | D:1      | 0 ||| qw: Goals: Normal
     0 | D:1      | 0 ||| PLANNING D:1-11
   163 | D:1      | Reached XP level 2. HP: 17/17 MP: 2/2
   381 | D:1      | Reached XP level 3. HP: 21/21 MP: 3/3
   497 | D:1      | Reached skill level 5 in Ranged Weapons
   695 | D:1      | 695 ||| UPGRADING to ring of see invisible.
   696 | D:1      | 696 ||| READING 2 scrolls labelled SOSES WIOLAAKK.
   696 | D:1      | 696 ||| IDENTIFYING red potion
   697 | D:1      | 697 ||| READING scroll of identify.
   697 | D:1      | 697 ||| IDENTIFYING 2 black potions
   698 | D:1      | 698 ||| READING scroll labelled HAORPH IPEIGH.
   699 | D:1      | 699 ||| READING scroll labelled GEFUFREYLI.
   700 | D:1      | 700 ||| DROPPING scroll of butterflies.
   799 | D:2      | 799 ||| FLEEEEING.
   890 | D:2      | Found Neczu's Book Shop.
  1050 | D:2      | Reached skill level 3 in Fighting
  1055 | D:2      | 1055 ||| RETREEEEATING.
  1057 | D:2      | 1057 ||| RETREEEEATING.
  1059 | D:2      | 1059 ||| RETREEEEATING.
  1060 | D:2      | 1060 ||| RETREEEEATING.
  1064 | D:2      | Reached XP level 4. HP: 28/28 MP: 4/4
  1071 | D:2      | HP: 3/28 [gnoll/+0 halberd (8)]
  1073 | D:2      | HP: 1/28 [gnoll/+0 halberd (2)]
  1078 | D:2      | Slain by a gnoll

Levels and vault maps discovered:
D:1:      minmay_arrival_stone_box, layout_loops_ring
D:2:      layout_basic, serial_shops, nicolae_shop_advertising_works
          [nicolae_subvault_shop_adworks], kennysheep_generic_room_8

Skill      XL: |  1  2  3 |
---------------+----------+-----
Ranged Weapons | 5 |  5.4
Fighting       | 3 |  3.0
Dodging        | |  1.5
Stealth        | |  1.1

Action                     |  1- 3 |  4- 6 || total
---------------------------+-------+-------++-------
   Fire: Shortbow          |   127 |    11 ||   138
    Use: Scroll            |     4 |       ||     4
 Armour: Leather armour    |    28 |     8 ||    36
  Dodge: Dodged            |    33 |     7 ||    40

Table legend:
 A = Non-vault XP
 B = Vault XP
 C = Vault XP percentage of total XP
 D = Non-vault monster count
 E = Vault monster count
 F = Vault count percentage of total count
                 A         B        C        D         E       F
            +---------+---------+-------+---------+---------+-------
      Total |     114 |       0 |   0.0 |      31 |       0 |   0.0
            +---------+---------+-------+---------+---------+-------
        D:1 |      43 |       0 |   0.0 |      20 |       0 |   0.0
        D:2 |      71 |       0 |   0.0 |      11 |       0 |   0.0
            +---------+---------+-------+---------+---------+-------
